 Dungeon Crawl Stone Soup version 0.29-a0-378-gc08b2e8bf8 (webtiles) character file.

Game seed: 12078165757385161532

24 KateP the Shield-Bearer (level 2, 0/27 HPs)
             Began as a Deep Dwarf Fighter on May 5, 2022.
             Slain by a worm (7 damage)
             ... on level 2 of the Dungeon.
             The game lasted 00:01:11 (925 turns).

KateP the Shield-Bearer (Deep Dwarf Fighter)         Turns: 925, Time: 00:01:12

Health: 0/27       AC: 11    Str: 19    XL:     2   Next: 79%
Magic:  2/2        EV:  5    Int:  8    God:
Gold:   55         SH:  4    Dex: 12    Spells: 1/1 levels left

rFire   . . .      SeeInvis .   a - +0 war axe
rCold   . . .      Faith    .   c - +0 buckler
rNeg    . . .      Spirit   .   h - +0 plate armour
rPois   .          Reflect  .   (no helmet)
rElec   .          Harm     .   (no cloak)
rCorr   .          Rampage  .   (no gloves)
Will    .....                   (no boots)
Stlth   ..........              (no amulet)
HPRegen 0.00/turn               (no ring)
MPRegen 0.08/turn               (no ring)

@: no status effects
A: damage resistance, heal wounds, sense surroundings 1, no regeneration
a: Heal Wounds


You were on level 2 of the Dungeon.
You visited 1 branch of the dungeon, and saw 2 of its levels.

You collected 55 gold pieces.

Inventory:

Hand Weapons
 a - a +0 war axe (weapon)
Armour
 c - a +0 buckler (worn)
 h - a +0 plate armour (worn)
Scrolls
 g - a scroll of fear {unknown}
 i - a scroll of enchant weapon {unknown}
 j - a scroll of identify {unknown}
 k - a scroll of enchant armour {unknown}
Potions
 b - a potion of resistance {unknown}
 d - a potion of might
 e - 2 potions of degeneration {unknown}
 f - a potion of curing {unknown}
 l - a potion of cancellation {unknown}


   Skills:
 + Level 2.9 Fighting
 * Level 2.9 Axes
 + Level 3.5 Armour
 + Level 3.5 Shields


You had one spell level left.
You didn't know any spells.
Your spell library contained the following spells:

 Spells                   Type           Power      Damage    Failure   Level
 Apportation              Tloc           0%         N/A       100%        1
 Alistair's Intoxication  Tmut/Pois      0%         N/A       100%        5


Dungeon Overview and Level Annotations

Branches:
Dungeon (2/15)

Altars:


Innate Abilities, Weirdness & Mutations

You are resistant to damage.
You can heal yourself by infusing magical energy.
You passively map a small area around you.
You do not regenerate.


Message History

The ball python constricts you.
A ball python is nearby!
You hit the ball python.
You kill the ball python!
A worm comes into view.
Found 14 gold pieces.
A worm is nearby!
You hit the worm.
The worm is lightly wounded.
The worm bites you.
You hit the worm.
The worm is lightly wounded.
You block the worm's attack.
A worm is nearby!
You completely miss the worm.
The worm is lightly wounded.
The worm bites you but does no damage.
A worm is nearby!
You completely miss the worm. The worm bites you!
A worm is nearby!
You are too injured to fight recklessly!
You are too injured to fight recklessly!
A worm is nearby!
You are too injured to fight recklessly!
A worm is nearby!
You are too injured to fight recklessly!
A worm is nearby!
You slash the worm!
The worm is heavily wounded.
You hit the worm.
The worm is severely wounded.
The worm bites you.
* * * LOW HITPOINT WARNING * * *
You hit the worm.
The worm is severely wounded.
The worm barely misses you.
You completely miss the worm.
The worm is severely wounded.
The worm bites you!
You die...

#.##.........#..#
#.#.......##.#..#
#.#..#.......#..#
* *
#...............#
###..#..#.##.#.##
, ,
#..#..#......#* *
* #..........###*
, , ####.#######
#.@.# * #.w.# ,
#...# ** #.... ,
*#...## * * ,
.$... , , , , ,
..... , ,, ,
....... , ,


You could see a worm.

Vanquished Creatures
  A dart slug (D:2)
  A giant cockroach (D:1)
  3 goblins (D:1)
  4 hobgoblins (D:1)
  3 jackals (D:2)
  2 quokkas (D:1)
  3 ball pythons
  A kobold (D:1)
  A rat (D:1)
19 creatures vanquished.

Notes
Turn   | Place    | Note
-------+----------+-------------------------------------------
     0 | D:1      | KateP the Deep Dwarf Fighter began the quest for the Orb.
     0 | D:1      | Reached XP level 1. HP: 20/20 MP: 1/1
   200 | D:1      | Found a faded altar of an unknown god.
   396 | D:1      | Reached XP level 2. HP: 24/27 MP: 2/2
   925 | D:2      | Slain by a worm

Illustrated notes

Levels and vault maps discovered:
D:1:      dpeg_arrival_renting, layout_basic, nicolae_ecumenical_lake_church
D:2:      layout_loops_cross, uniq_crazy_yiuf_cottage

Action                   || total
-------------------------++-------
Melee: War axe           ||    44
Armor: Plate armour      ||    23
       Scale mail        ||     1
Dodge: Dodged            ||     7
Block: Buckler           ||    10

Table legend: (Time is in decaauts)
 A = Elapsed time spent in this place.
 B = Non-inter-level travel time spent in this place.
 C = Inter-level travel time spent in this place.
 D = Time resting spent in this place.
 E = Time spent auto-exploring this place.
 F = Levels seen in this place.
 G = Mean time per level.
                   A        B        C        D        E       F      G
               +--------+--------+--------+--------+--------+-----+--------+
         Total |    944 |    944 |      0 |      0 |    726 |   2 |  472.0 |
       Dungeon |    944 |    944 |      0 |      0 |    726 |   2 |  472.0 |
               +--------+--------+--------+--------+--------+-----+--------+

Top non-repeatable levels by time:
     D:1: 807 daAuts
     D:2: 136 daAuts
